Map: Daybreak LE (Void)

Players

NiXLiM

  • Race: Terran Terran
  • League: Bronze
  • Spawn Location: 1:00

A.I. 1 (Hard) - Winner!

  • Race: Terran Terran
  • Spawn Location: 7:00

VOD

Have the link to the VOD?

Description

Time

  • Played on: Dec. 5, 2016, 7:44 a.m.
  • Length: 16:18
Show
View Real Time Build Order
Export as new Build Order

NiXLiM Terran 

Build Orders:  

Get SALT Encoding   

  12  0:10  SCV  
  13  0:23  SCV  
  13  0:27  Supply Depot  
  14  0:35  Refinery  
  14  0:36  Refinery, SCV  
  15  0:48  SCV  
  16  0:58  Barracks  
  16  1:02  SCV  
  17  1:18  SCV  
  18  1:33  Supply Depot, SCV  
  19  1:42  Barracks  
  19  1:51  Factory  
  19  2:11  Barracks Tech Lab  
  19  2:23  Supply Depot, SCV  
  20  2:40  Factory Reactor  
  20  2:41  Barracks Reactor  
  20  2:42  Starport  
  20  2:48  Barracks  
  20  2:55  Orbital Command  
  20  3:19  Marauder  
  22  3:26  Marine x2  
  24  3:35  Starport Tech Lab  
  24  3:40  Marauder  
  26  3:46  Barracks Tech Lab  
  26  3:51  Barracks  
  26  3:58  Engineering Bay  
  26  4:01  SCV  
  27  4:35  Siege Tank  
  30  4:39  Medivac x2  
  30  4:44  Marine x2  
  38  4:53  Barracks Reactor  
  38  4:58  Marauder  
  39  5:01  Marine  
  39  5:07  Terran Infantry Weapons Level 1  
  39  5:11  Engineering Bay  
  39  5:18  Supply Depot  
  39  5:40  Marauder  
  41  5:46  Supply Depot  
  41  5:50  Terran Infantry Armor Level 1  
  41  5:56  Marine x3  
  41  5:57  Marine  
  44  5:58  Marauder  
  47  6:07  Medivac  
  47  6:08  Marauder  
  51  6:13  Supply Depot  
  51  6:16  Marine x2  
  53  6:19  Marine  
  53  6:23  SCV  
  55  6:34  Marine x2  
  55  6:36  Marauder  
  59  6:58  Concussive Shells  
  59  7:22  Combat Shields  
  59  7:28  Marine x2  
  59  7:29  Marine x2  
  63  7:41  Supply Depot  
  63  7:44  Supply Depot  
  63  7:46  Supply Depot  
  63  8:03  Marauder x2  
  63  8:05  Supply Depot  
  67  8:11  Marine x2  
  67  8:12  Marine x2  
  71  8:13  Medivac  
  73  8:24  Marauder x2  
  55  9:05  Marine x2  
  55  9:06  Marauder  
  55  9:07  Medivac, Marauder  
  55  9:08  Medivac  
  53  10:01  Marine x2  
  53  10:02  Marine, Marauder x2  
  53  10:03  Marine  
  28  11:41  Marine x2  
  28  11:42  Marine x2, Marauder x2  
  28  11:45  Medivac x2  
  40  11:55  Armory  
  37  12:11  Marine  
  37  12:12  Marine x3  
  37  12:13  Marauder x2  
  45  12:18  Siege Tank  
  48  12:32  Command Center  
  48  14:09  Refinery x2  
  48  14:15  Marine x3  
  48  14:16  Marine  
  52  15:01  Raven  
  52  15:05  Marine x2  
  52  15:06  Marine x2  
  62  15:07  Marauder x2  
Show
View Real Time Build Order
Export as new Build Order

A.I. 1 (Hard) Terran - Winner!

Build Orders: MMM Bio 

Get SALT Encoding   

  12  0:00  SCV  
  13  0:13  SCV  
  14  0:20  Supply Depot  
  14  0:25  SCV  
  15  0:41  SCV  
  16  0:47  Barracks  
  16  0:48  Refinery  
  16  0:53  SCV  
  17  1:06  SCV  
  18  1:18  SCV  
  19  1:21  Supply Depot  
  19  1:30  SCV  
  20  1:33  Marine  
  21  1:41  Barracks  
  21  1:43  Orbital Command  
  21  1:49  Refinery  
  21  1:52  Barracks Tech Lab  
  21  2:08  Supply Depot  
  21  2:10  Marine  
  22  2:27  Marine  
  23  2:30  Marine  
  24  2:43  Supply Depot  
  24  2:45  Marine  
  24  2:48  Marine  
  26  3:03  Marine  
  27  3:06  Marine  
  28  3:16  Supply Depot, SCV  
  29  3:21  Marauder  
  29  3:23  Marine  
  32  3:28  SCV  
  32  3:30  Engineering Bay  
  33  3:41  Marine, SCV  
  34  3:44  Marine  
  36  3:53  SCV  
  37  3:59  Marine  
  37  4:02  Marauder  
  40  4:05  SCV  
  41  4:17  SCV  
  41  4:24  Marauder  
  44  4:45  Marauder  
  46  5:06  Marauder  
  48  6:08  Barracks Tech Lab  
  48  6:09  Terran Infantry Weapons Level 1, Stimpack  
  48  6:10  Factory  
  48  6:13  Factory  
  48  6:15  Supply Depot, Command Center  
  48  6:17  Missile Turret  
  48  6:20  Missile Turret  
  48  6:23  Barracks  
  48  6:26  Concussive Shells  
  48  6:40  Supply Depot, Bunker  
  42  6:54  Widow Mine  
  42  6:57  Factory Tech Lab, Starport  
  42  6:59  Starport  
  40  7:05  Marine  
  41  7:08  Combat Shields  
  41  7:15  Widow Mine  
  43  7:24  Factory Tech Lab  
  43  7:29  SCV  
  44  7:30  SCV  
  44  7:36  Viking  
  47  7:37  Refinery, Missile Turret  
  47  7:40  Missile Turret  
  47  7:41  SCV  
  47  7:42  SCV  
  49  7:46  Siege Tank  
  49  7:48  Starport Tech Lab, Refinery  
  52  7:53  SCV  
  52  7:54  SCV  
  54  8:03  Bunker, Terran Infantry Armor Level 1  
  54  8:05  SCV  
  55  8:06  Banshee, Starport Tech Lab, SCV  
  55  8:12  Sensor Tower  
  59  8:17  SCV  
  59  8:18  SCV  
  61  8:22  Armory  
  61  8:24  Raven  
  61  8:25  Barracks Reactor  
  63  8:29  SCV  
  63  8:30  SCV  
  65  8:41  SCV  
  65  8:43  SCV  
  65  8:46  Marine  
  63  8:49  Raven  
  63  8:53  SCV  
  63  8:55  SCV  
  54  8:56  Marine  
  50  9:05  SCV  
  50  9:06  Marine  
  50  9:07  SCV  
  53  9:16  Marine  
  53  9:17  SCV  
  53  9:19  SCV  
  52  9:26  Marine  
  53  9:31  Raven  
  53  9:36  Marine  
  56  9:46  Siege Tank  
  59  9:56  Marine  
  60  10:07  Marauder  
  62  10:16  Banshee  
  65  10:27  Marauder  
  63  10:31  Raven  
  62  10:36  Marine  
  62  10:41  Supply Depot  
  59  10:43  Marine  
  59  10:49  Marine  
  59  10:53  Command Center  
  59  10:56  Marine  
  60  10:59  Medivac  
  60  11:02  Marine  
  63  11:04  Supply Depot  
  63  11:08  Marine  
  64  11:14  Medivac  
  64  11:15  Widow Mine  
  64  11:21  Marine  
  60  11:28  Siege Tank  
  60  11:29  Raven  
  65  11:34  Marine  
  65  11:44  Hellion, Medivac  
  69  11:47  Marine  
  70  12:00  Siege Tank  
  73  12:05  Siege Tank  
  73  12:07  Supply Depot  
  75  12:12  Raven  
  77  12:16  Engineering Bay  
  77  12:22  Terran Infantry Weapons Level 2  
  77  12:29  Command Center  
  77  12:32  Siege Tank  
  80  12:37  Siege Tank  
  80  12:42  Terran Infantry Armor Level 2  
  83  12:52  Terran Vehicle Weapons Level 1  
  83  13:04  Siege Tank  
  86  13:09  Siege Tank  
  89  13:19  Ghost Academy  
  89  13:36  Siege Tank, Fusion Core  
  92  13:41  SCV  
  92  13:42  Hellion  
  92  13:43  Armory, SCV  
  92  13:44  SCV  
  97  13:50  Refinery  
  97  13:53  Missile Turret, SCV  
  97  13:55  SCV  
  99  13:57  Missile Turret, SCV  
  99  14:00  Refinery  
  100  14:13  SCV  
  100  14:14  SCV  
  102  14:18  Bunker  
  102  14:22  SCV  
  103  14:25  SCV  
  103  14:27  SCV  
  103  14:28  Command Center  
  105  14:34  Thor  
  105  14:37  Supply Depot  
  111  14:38  Marine  
  111  14:43  Marine  
  113  14:47  Cyclone  
  116  15:02  Supply Depot  
  116  15:11  Marine  
  112  15:15  Marine  
  112  15:20  Marine  
  109  15:24  Marine  
  108  15:29  Marine  
  108  15:33  Marine  
  98  15:35  Supply Depot  
  98  15:38  Marine  
  98  15:40  SCV  
  98  15:41  Refinery  
  98  15:42  SCV  
  101  15:43  SCV  
  101  15:45  SCV  
  101  15:47  Marine  
  107  15:51  Refinery  
  107  15:52  Missile Turret, SCV  
  107  15:54  SCV  
  107  15:56  SCV  
  107  16:09  Missile Turret  
Tags
 
Composition
MMM Bio
League
Bronze
Matchup
TvT
Race
Terran
Spawn Locations
Cross Positions
Add a new tag
Caveats
  • Supply blocks, unpowered buildings, or Contaminate may cause inaccurate times.
  • Supply counts are checked every 10 seconds.